 Dungeon Crawl Stone Soup version 0.25-a0-1007-g10a8c3caa8 (webtiles) character file.

Game seed: 11150084749782948786, levelgen mode: deterministic

201822 tilp the Bludgeoner (level 19, -1/121 HPs)
             Began as a Kobold Arcane Marksman on May 10, 2020.
             Was a High Priest of Okawaru.
             Slain by Jorgrun
             ... wielding an uncursed staff of earth
              (13 damage)
             ... on level 1 of the Shoals on May 11, 2020.
             The game lasted 02:18:59 (59607 turns).

tilp the Bludgeoner (Kobold Arcane Marksman)       Turns: 59607, Time: 02:19:01

Health: -1/121     AC: 16    Str: 10    XL:     19   Next: 73%
Magic:  31/31      EV: 32    Int: 19    God:    Okawaru [*****.]
Gold:   2060       SH:  4    Dex: 16    Spells: 13/34 levels left

rFire    . . .     SeeInvis +   b - +0 eveningstar of the Eight Demons {elec, rC- MR+++}
rCold    . . .     Gourm    .   (shield restricted)
rNeg     . . .     Faith    .   U - +2 leather armour {MR+}
rPois    .         Spirit   .   G - +2 helmet {SInv}
rElec    .         Reflect  +   R - +2 cloak
rCorr    .         Harm     .   T - +0 pair of gloves
MR       +++++                  z - +2 pair of boots {run}
Stlth    +++.......             r - +4 amulet of reflection
HPRegen  0.30/turn              s - +6 ring of evasion
MPRegen  0.22/turn              v - ring of protection from cold

@: heroism, grasped by roots, constricted, very slow
A: small, carnivore
a: Heroism, Finesse, Renounce Religion


You were on level 1 of the Shoals.
You worshipped Okawaru.
Okawaru was extremely pleased with you.
You were completely stuffed.

You visited 7 branches of the dungeon, and saw 29 of its levels.
You visited 1 bazaar.
You also visited: Ossuary, Bailey and Gauntlet.

You collected 3274 gold pieces.
You spent 1214 gold pieces at shops.

Inventory:

Hand Weapons
 a - a +5 arbalest of flaming
 b - the +0 eveningstar of the Eight Demons (weapon) {elec, rC- MR+++}
   (Okawaru gifted it to you on level 6 of the Lair of Beasts)

   Occasionally, upon striking a foe, it will discharge some electrical energy
   and cause terrible harm.
   It makes you vulnerable to cold.
   It affects your resistance to hostile enchantments.
 t - a +6 vorpal hand crossbow
Missiles
 f - 466 bolts
 H - 3 throwing nets (quivered) {!f}
 V - 14 silver boomerangs
Armour
 z - a +2 pair of boots of running (worn)
 G - a +2 helmet of see invisible (worn)
 I - quicksilver dragon scales
 R - a +2 cloak (worn)
 T - a +0 pair of gloves (worn)
 U - a +2 leather armour of magic resistance (worn)
 X - a +2 buckler of positive energy
Jewellery
 p - an uncursed ring of resist corrosion
 r - a +4 amulet of reflection (around neck)
 s - a +6 ring of evasion (left hand)
 v - a ring of protection from cold (right hand)
 x - an uncursed amulet of the acrobat
 A - the ring of the Duchess {Fire MP-9 Str+7 Int+2}
   (You found it in a Gauntlet)

   [ring of fire]

   It enhances your fire magic.
   It affects your strength (+7).
   It affects your intelligence (+2).
   It protects you from fire.
   It makes you vulnerable to cold.
   It affects your magic capacity (-9).
Wands
 y - a wand of flame (146)
 B - a wand of disintegration (19)
 F - a wand of paralysis (23)
 N - a wand of acid (16)
 P - a wand of clouds (7)
 W - a wand of digging (3)
Scrolls
 h - 20 scrolls of remove curse
 j - a scroll of summoning
 o - a scroll of fear
 q - 2 scrolls of enchant weapon
 C - 4 scrolls of fog
 D - 5 scrolls of amnesia
 O - 4 scrolls of identify
 Q - 9 scrolls of teleportation
 Z - 2 scrolls of magic mapping
Potions
 d - 3 potions of cancellation
 e - 3 potions of brilliance
 g - 4 potions of magic
 i - a potion of stabbing
 k - 2 potions of ambrosia
 l - 10 potions of curing
 m - 6 potions of haste
 n - 3 potions of lignification
 w - 6 potions of might
 K - a potion of berserk rage
 L - 2 potions of mutation
Miscellaneous
 E - 2 phantom mirrors
 M - a tin of tremorstones (3/3)
 Y - a phial of floods
Comestibles
 c - 55 rations
 J - 7 chunks of flesh


   Skills:
 - Level 14.0(19.0) Fighting
 - Level 16.0(21.0) Maces & Flails
 + Level 11.1(16.1) Crossbows
 - Level 14.0(19.0) Dodging
 - Level 8.0(13.0) Stealth
 - Level 4.0(9.0) Shields
 - Level 8.0 Spellcasting
 - Level 12.0 Hexes
 - Level 12.0 Invocations
 - Level 8.0 Evocations


You had 13 spell levels left.
You knew the following spells:

 Your Spells              Type           Power        Failure   Level  Hunger
a - Corona                Hex            ######.      1%          1    None
b - Slow                  Hex            ######..     1%          2    None
c - Portal Projectile     Hex/Tloc       ####..       3%          3    None
d - Cause Fear            Hex            ######....   1%          4    ###....
e - Leda's Liquefaction   Hex/Erth       ####......   10%         4    ###....
f - Tukima's Dance        Hex            ######..     1%          3    None
g - Ensorcelled Hibernat  Hex/Ice        ####..       1%          2    None
h - Blink                 Tloc           N/A          19%         2    None

Your spell library contained the following spells:

 Spells                   Type           Power        Failure   Level  Hunger
 Confusing Touch          Hex            ######..     1%          3    None
 Dazzling Flash           Conj/Hex       ####..       3%          3    None
 Inner Flame              Hex/Fire       ####....     3%          3    None
 Spectral Weapon          Hex/Chrm       ####....     3%          3    None
 Foxfire                  Conj/Fire      #...         12%         1    None
 Infusion                 Chrm           #...         12%         1    None
 Magic Dart               Conj           #...         12%         1    None
 Sandblast                Erth           #.....       12%         1    None
 Call Imp                 Summ           #.......     19%         2    None
 Passwall                 Tmut/Erth      #.......     19%         2    None
 Shroud of Golubria       Chrm/Tloc      #.....       19%         2    None
 Song of Slaying          Chrm           #.......     19%         2    None
 Sublimation of Blood     Necr           #.........   19%         2    None
 Swiftness                Chrm/Air       #.......     19%         2    None
 Metabolic Englaciation   Hex/Ice        ####......   28%         5    #####..
 Silence                  Hex/Air        ####......   28%         5    #####..
 Yara's Violent Unravell  Hex/Tmut       ####......   28%         5    #####..
 Conjure Flame            Conj/Fire      #.......     34%         3    None
 Gell's Gravitas          Tloc           #.........   34%         3    None
 Ignite Poison            Fire/Tmut/Pois #.......     34%         3    None
 Mephitic Cloud           Conj/Pois/Air  #.......     34%         3    None
 Ozocubu's Armour         Chrm/Ice       #.......     34%         3    None
 Spider Form              Tmut/Pois      #.........   34%         3    None
 Stone Arrow              Conj/Erth      #.....       34%         3    None
 Petrify                  Tmut/Erth      #.......     75%         4    ###....
 Sticky Flame             Conj/Fire      #.......     75%         4    ###....
 Summon Lightning Spire   Summ/Air       #.......     75%         4    ###....
 Alistair's Intoxication  Tmut/Pois      #.......     97%         5    #####..
 Bolt of Magma            Conj/Fire/Erth #.........   97%         5    #####..
 Fireball                 Conj/Fire      #.........   97%         5    #####..
 Irradiate                Conj/Tmut      #.........   97%         5    #####..
 Iskenderun's Battlesphe  Conj/Chrm      #.......     97%         5    #####..
 Lee's Rapid Deconstruct  Erth           #.........   97%         5    #####..
 Conjure Ball Lightning   Conj/Air       #.........   100%        6    ######.
 Eringya's Noxious Bog    Tmut/Pois      #.........   100%        6    ######.
 Iron Shot                Conj/Erth      #.........   100%        6    ######.
 Orb of Destruction       Conj           #.........   100%        7    #######
 Spellforged Servitor     Conj/Summ      #.........   100%        7    #######
 Tornado                  Air            #.........   100%        9    #######


Dungeon Overview and Level Annotations

Branches:
Dungeon (15/15)            Temple (1/1) D:7            Lair (6/6) D:10
 Shoals (1/4) Lair:3        Snake (3/4) Lair:4        Slime (0/5) Lair:5
    Orc (2/2) D:12            Elf (1/3) Orc:2        Vaults (0/5) D:13
 Depths (0/5) D:15        Ossuary (visited)          Bailey (visited)
Gauntlet (visited)

Altars:
Ashenzari
Cheibriados
Dithmenos
Elyvilon
Fedhas
Gozag
Hepliaklqana
Kikubaaqudgha
Makhleb
Nemelex Xobeh
Okawaru
Qazlal
Ru
Sif Muna
Trog
Uskayaw
Vehumet
Wu Jian
Xom
Yredelemnul
Zin
The Shining One

Shops:
D:4 [   D:7 *(   D:14 *   Orc:1 *   Orc:2 *?:[   Shoals:1 [

Portals:
Pandemonium: Orc:2

Annotations:
D:14 3 runed translucent doors, Zam Vou's ghost, journeyman TrTm
Shoals:1 Jorgrun


Innate Abilities, Weirdness & Mutations

You are small and have problems with some larger weapons.
You are carnivorous and can eat meat at any time.


Message History

Roots burst forth from the earth!
The grasping roots grab you!
* * * LOW HITPOINT WARNING * * *
The grasping roots constrict you!
You barely miss Jorgrun.
Jorgrun is severely wounded.
Jorgrun gestures at you while chanting. The iron shot hits you!!!
* * * LOW HITPOINT WARNING * * *
x2 The grasping roots constrict you.
Unknown command.
Blink to where?
Press: ? - help, Dir - move target cursor, p - Jorgrun The roots' grasp on you weakens, but your attempt to escape fails.
As you read the scroll of blinking, it crumbles to dust.
Splash!
You fall into the shallow water.
Moving in this stuff is going to be slow.
You block Jorgrun's attack.
You die...

≈≈≈(( #..≈≈≈≈≈≈≈≈≈≈≈≈≈≈
≈≈≈.(###..≈≈≈≈≈.≈≈≈≈≈≈≈≈
≈≈≈≈(..(.≈≈≈≈≈≈≈≈≈≈≈≈≈≈≈
≈≈≈.........≈≈≈.≈≈≈≈≈≈≈≈
≈≈≈≈..(......≈≈≈≈≈≈≈≈≈≈≈
≈≈≈≈≈..(.....≈≈≈≈≈≈≈≈≈≈≈
≈≈≈.[≈....>..≈≈≈≈≈≈≈≈≈≈≈
≈≈≈≈≈≈≈g..###.......≈≈..
≈≈≈≈≈≈≈@.## #.≈......≈..
≈≈≈≈≈≈≈..# ##.≈≈≈....≈..
≈≈≈≈≈≈≈≈..##..≈≈........
≈≈≈≈≈≈≈≈≈......≈....≈≈..
≈≈≈≈≈≈≈≈≈≈..≈≈..###.≈..#
≈≈≈≈≈≈≈≈≈≈≈≈...####.≈≈.#
≈≈≈≈≈≈≈≈≈≈≈≈...##.......
≈≈≈≈≈≈≈≈≈≈≈≈≈...........
≈≈≈≈≈≈≈.....(≈...


You could see Jorgrun.

Vanquished Creatures
  Vashnia (Snake:3)
  Nikola (Snake:3)
  Gastronok (Lair:3)
  2 nagarajas
  Louise (Snake:3)
  The ghost of Elus the Devastator, a journeyman DrCj of Vehumet (D:13)
  A minotaur (Gauntlet)
  An ettin (D:15)
  A merfolk impaler (Shoals:1)
  The ghost of Flugslaktarn the Cleaver, a journeyman DDFi of Gozag (D:11)
  A yaktaur captain (D:13)
  12 hydras
  7 centaur warriors
  8 naga warriors
  Erica (Lair:2)
  8 anacondas
  6 two-headed ogres
  2 tengu warriors (D:14)
  A catoblepas (D:14)
  A dancing weapon (D:13)
  13 death yaks
  7 naga sharpshooters
  Urug (Lair:2)
  3 deep elf knights
  4 orc high priests
  2 salamander mystics (Snake:2)
  4 shock serpents
  A soul eater (Orc:1)
  6 skeletal warriors
  2 unseen horrors
  2 torturous demonspawn (Orc:2)
  A gelid demonspawn (Orc:2)
  A deep troll (D:15)
  8 orc knights
  A deep elf archer (Elf:1)
  7 harpies (Shoals:1)
  7 ugly things
  7 manticores
  18 deep elf magi
  10 orc sorcerers
  3 mana vipers
  3 cyclopes
  11 elephants
  4 fauns (Shoals:1)
  2 oklob plants
  3 salamanders (Snake:2)
  Maurice (D:8)
  19 black mambas
  3 merfolk sirens (Shoals:1)
  15 naga magi
  3 guardian serpents
  A gargoyle (D:13)
  An orange demon (Orc:2)
  26 spiny frogs
  8 komodo dragons
  An ice devil (Orc:2)
  Maggie (Lair:2)
  A kobold demonologist (D:15)
  3 yaktaurs
  3 tengu conjurers
  A queen bee (D:11)
  11 trolls
  3 large abominations (Gauntlet)
  A hellwing (Orc:2)
  5 merfolk (Shoals:1)
  A polar bear (shapeshifter) (D:14)
  A wolf spider simulacrum (D:14)
  3 hornets
  35 blink frogs
  4 tyrant leeches (Lair:6)
  Grinder (D:3)
  A wind drake (Shoals:1)
  3 slime creatures (D:13)
  10 hippogriffs
  7 dream sheep (Lair:6)
  A snapping turtle (Shoals:1)
  5 shadows
  A ynoxinul (Orc:1)
  8 wraiths
  A water elemental (Shoals:1)
  Eustachio (D:4)
  A spriggan (D:7)
  2 wyverns
  3 basilisks
  58 yaks
  A hungry ghost (D:13)
  A chaos spawn (Orc:2)
  A steam dragon (Lair:3)
  Menkaure (D:4)
  32 nagas
  3 wargs
  2 wargs (shapeshifter) (D:15)
  6 vampire mosquitoes (Lair:6)
  2 soldier ants
  15 water moccasins
  5 porcupines
  52 orc warriors
  6 sky beasts
  3 ice beasts
  5 phantoms
  3 small abominations (Gauntlet)
  A black bear (D:9)
  16 ogres
  An eye of draining (D:14)
  A necrophage (D:10)
  15 centaurs
  13 crocodiles
  26 wolves
  6 big kobolds
  21 bullfrogs
  4 gnoll sergeants
  An earth elemental (Elf:1)
  2 wyvern skeletons
  4 scorpions
  10 killer bees
  17 wights
  An electric eel (Lair:6)
  5 howler monkeys
  A bullfrog zombie (D:13)
  8 crimson imps
  6 centaur zombies
  A human zombie (Ossuary)
  A quasit (D:13)
  7 hounds
  4 jellies
  2 bullfrog skeletons
  39 orc priests
  5 centaur skeletons
  A gnoll shaman (D:5)
  11 iguanas
  20 orc wizards
  13 worker ants
  Ijyb (D:5)
  A hound zombie (D:6)
  4 mummies (Ossuary)
  13 gnolls
  A howler monkey skeleton (D:5)
  10 adders
  An ooze (D:2)
  2 adder zombies
  3 adder skeletons
  3 leopard geckos
  116 orcs
  A ball python (D:4)
  6 bats
  5 giant cockroaches
  10 hobgoblins
  8 jackals
  20 kobolds
  6 quokkas
  3 frilled lizards
  A gnoll zombie (Ossuary)
  6 goblins
  A goblin zombie (Ossuary)
  A hobgoblin zombie (Ossuary)
  2 kobold zombies (Ossuary)
  2 leopard gecko skeletons
  An orc zombie (Ossuary)
  3 quokka skeletons (D:5)
  A quokka zombie (D:5)
  7 rats
  2 fungi
  2 plants
1087 creatures vanquished.

Vanquished Creatures (collateral kills)
  A naga sharpshooter (Snake:3)
  A naga (Snake:3)
2 creatures vanquished.

Vanquished Creatures (others)
  A deep elf knight (Elf:1)
  A tengu conjurer (D:15)
  2 dancing weapons
  A yak (D:13)
  2 nagas (Snake:3)
  An orc warrior (Orc:2)
  A centaur (D:13)
  2 orcs (Orc:1)
  A quokka (D:5)
  37 fungi
  53 plants
102 creatures vanquished.

Grand Total: 1191 creatures vanquished

Notes
Turn   | Place    | Note
-------+----------+-------------------------------------------
     0 | D:1      | tilp the Kobold Arcane Marksman began the quest for the
                  | Orb.
     0 | D:1      | Reached XP level 1. HP: 12/12 MP: 2/2
   152 | D:1      | Reached XP level 2. HP: 18/18 MP: 1/3
   167 | D:1      | Learned a level 2 spell: Slow
   414 | D:1      | Reached XP level 3. HP: 21/23 MP: 4/4
  1409 | D:2      | Found a faded altar of an unknown god.
  2188 | D:2      | Reached XP level 4. HP: 29/29 MP: 2/5
  3047 | D:3      | Found a sacrificial altar of Ru.
  3059 | D:3      | Found a shimmering altar of Xom.
  3372 | D:3      | Reached XP level 5. HP: 33/33 MP: 5/7
  3774 | D:3      | Noticed Grinder
  3777 | D:3      | Paralysed by Grinder for 3 turns
  3793 | D:3      | Killed Grinder
  3793 | D:3      | Reached skill level 5 in Hexes
  3793 | D:3      | Reached XP level 6. HP: 8/38 MP: 7/9
  4089 | D:4      | Noticed an ogre
  4102 | D:4      | Killed an ogre
  4102 | D:4      | Reached XP level 7. HP: 43/43 MP: 7/10
  4253 | D:4      | Noticed Eustachio
  4260 | D:4      | Noticed Menkaure
  4266 | D:4      | Found Goonyal's Antique Armour Shoppe.
  4353 | D:4      | Reached skill level 5 in Crossbows
  4950 | D:4      | Bought a pair of runed boots for 225 gold pieces
  4955 | D:4      | Identified a +2 pair of boots of running (You bought it in
                  | a shop on level 4 of the Dungeon)
  4977 | D:5      | Entered Level 5 of the Dungeon
  5330 | D:5      | Reached skill level 1 in Stealth
  5330 | D:5      | Reached XP level 8. HP: 48/48 MP: 6/11
  5373 | D:5      | Found a white marble altar of Elyvilon.
  5396 | D:5      | Found a sparkling altar of Nemelex Xobeh.
  5962 | D:5      | Noticed Ijyb
  6148 | D:5      | Killed Ijyb
  6354 | D:5      | Reached skill level 5 in Fighting
  6648 | D:6      | Found a sand-covered staircase.
  6653 | Ossuary  | Entered an ossuary
  7187 | D:6      | Reached skill level 5 in Dodging
  7219 | D:6      | Reached XP level 9. HP: 38/55 MP: 12/12
  7591 | D:6      | Reached skill level 1 in Evocations
  7792 | D:6      | Found a shadowy altar of Dithmenos.
  8251 | D:7      | Found Uveutti's Assorted Antiques.
  8260 | D:7      | Bought a runed hand crossbow for 169 gold pieces
  8611 | D:7      | Found Iduitaeff's Weapon Shop.
  8689 | D:7      | Found a staircase to the Ecumenical Temple.
  8792 | Temple   | Entered the Ecumenical Temple
  9009 | Temple   | Became a worshipper of Warmaster Okawaru
  9395 | D:7      | Found the +5 scythe "Finisher" {speed, eviscerate}
  9627 | D:7      | Reached * piety under Okawaru
  9627 | D:7      | Reached XP level 10. HP: 30/60 MP: 16/16
 10999 | D:8      | Noticed Maurice
 11008 | D:8      | Killed Maurice
 11008 | D:8      | Reached ** piety under Okawaru
 11008 | D:8      | Reached skill level 10 in Crossbows
 11008 | D:8      | Reached skill level 1 in Invocations
 12238 | D:9      | Reached skill level 5 in Invocations
 12305 | D:9      | Reached *** piety under Okawaru
 12671 | D:9      | Reached XP level 11. HP: 64/64 MP: 17/17
 13029 | D:9      | Upgraded the game from 0.25-a0-992-gca090100c3 to
                  | 0.25-a0-1007-g10a8c3caa8
 13087 | D:10     | Entered Level 10 of the Dungeon
 13110 | D:10     | Found a staircase to the Lair.
 13877 | D:10     | Reached **** piety under Okawaru
 14481 | D:11     | Noticed a manticore
 14498 | D:11     | HP: 3/67 [manticore (15)]
 14504 | D:11     | Killed a manticore
 14504 | D:11     | Received a gift from Okawaru
 14876 | D:11     | Noticed a red ugly thing
 14892 | D:11     | Killed a red ugly thing
 14892 | D:11     | Received a gift from Okawaru
 15087 | D:11     | Received a gift from Okawaru
 15217 | D:11     | Received a gift from Okawaru
 15831 | D:11     | Reached XP level 12. HP: 76/76 MP: 18/18
 15856 | D:11     | Learned a level 3 spell: Portal Projectile
 15861 | D:11     | Learned a level 4 spell: Cause Fear
 15866 | D:11     | Learned a level 4 spell: Leda's Liquefaction
 15913 | D:11     | Noticed Flugslaktarn's ghost (journeyman DDFi)
 16017 | D:11     | Found a transporter.
 16034 | D:11     | Found a transporter.
 16304 | D:4      | Killed Eustachio
 16400 | D:4      | Killed Menkaure
 16488 | Lair:1   | Entered Level 1 of the Lair of Beasts
 16488 | Lair:1   | Noticed a seven-headed hydra
 16516 | D:10     | Killed a seven-headed hydra
 16516 | D:10     | Reached skill level 10 in Dodging
 16735 | Lair:1   | Reached skill level 10 in Fighting
 16905 | Lair:1   | Reached skill level 1 in Maces & Flails
 16929 | Lair:1   | Reached skill level 2 in Maces & Flails
 16961 | Lair:1   | Reached skill level 3 in Maces & Flails
 16966 | Lair:1   | Reached ***** piety under Okawaru
 16979 | Lair:1   | Received a gift from Okawaru
 17202 | Lair:1   | Reached skill level 4 in Maces & Flails
 17215 | Lair:1   | Received a gift from Okawaru
 17367 | Lair:1   | Noticed an eight-headed hydra
 17386 | Lair:1   | Killed an eight-headed hydra
 17386 | Lair:1   | Reached skill level 5 in Maces & Flails
 17904 | Lair:1   | Received a gift from Okawaru
 17948 | Lair:1   | Reached skill level 6 in Maces & Flails
 18198 | Lair:2   | Noticed a five-headed hydra
 18203 | Lair:2   | Killed a five-headed hydra
 18336 | Lair:1   | Reached skill level 7 in Maces & Flails
 18446 | Lair:2   | Reached XP level 13. HP: 80/82 MP: 19/19
 18492 | Lair:2   | Noticed a six-headed hydra
 18510 | Lair:2   | Killed a six-headed hydra
 18510 | Lair:2   | Reached skill level 8 in Maces & Flails
 18588 | Lair:2   | Received a gift from Okawaru
 18604 | Lair:2   | Noticed a six-headed hydra
 18619 | Lair:2   | Killed a six-headed hydra
 18943 | Lair:2   | Noticed Maggie
 19211 | Lair:2   | Reached skill level 5 in Evocations
 19248 | Lair:2   | Reached ****** piety under Okawaru
 19400 | Lair:2   | Reached skill level 5 in Spellcasting
 19406 | Lair:2   | Received a gift from Okawaru
 19565 | Lair:2   | Noticed Urug
 19573 | Lair:2   | Noticed Erica
 19612 | Lair:2   | HP: 1/82 [Erica/bolt of poison (25)]
 19617 | Lair:2   | Killed Erica
 19906 | Lair:2   | Killed Urug
 20065 | Lair:2   | Received a gift from Okawaru
 20298 | Lair:2   | Killed Maggie
 20490 | Lair:3   | Reached skill level 1 in Shields
 21140 | Lair:3   | Noticed a seven-headed hydra
 21147 | Lair:3   | Noticed Gastronok
 21152 | Lair:3   | Killed a seven-headed hydra
 21152 | Lair:3   | Reached skill level 10 in Hexes
 21335 | Lair:3   | Found a staircase to the Shoals.
 21412 | Lair:3   | Noticed an eight-headed hydra
 21460 | Lair:3   | Killed an eight-headed hydra
 21599 | Lair:3   | Killed Gastronok
 21654 | Lair:3   | Reached XP level 14. HP: 88/88 MP: 23/23
 22918 | Lair:4   | Received a gift from Okawaru
 22920 | Lair:4   | Reached skill level 10 in Invocations
 23195 | Lair:4   | Reached skill level 5 in Stealth
 23218 | Lair:4   | Found a staircase to the Snake Pit.
 23332 | Lair:4   | Received a gift from Okawaru
 24943 | Lair:5   | Found a staircase to the Slime Pits.
 26192 | Lair:6   | Entered Level 6 of the Lair of Beasts
 26195 | Lair:5   | Reached XP level 15. HP: 95/95 MP: 24/24
 26404 | Lair:6   | Received a gift from Okawaru
 26428 | Lair:6   | Got a transparent eveningstar {god gift}
 27393 | Lair:6   | Identified the +0 eveningstar of the Eight Demons {elec,
                  | rC- MR+++} (Okawaru gifted it to you on level 6 of the Lair
                  | of Beasts)
 27476 | Lair:6   | Received a gift from Okawaru
 27554 | Lair:6   | Reached skill level 9 in Maces & Flails
 28009 | Lair:6   | Reached skill level 10 in Maces & Flails
 29076 | Lair:6   | Received a gift from Okawaru
 30096 | D:12     | Found a gate leading to a gauntlet.
 30108 | Gauntlet | Entered a Gauntlet
 30108 | Gauntlet | Found a transporter.
 30108 | Gauntlet | Found a transporter.
 30108 | Gauntlet | Found a transporter.
 30108 | Gauntlet | Found a transporter.
 30117 | Gauntlet | Found a transporter.
 30127 | Gauntlet | Found a transporter.
 30142 | Gauntlet | Found a transporter.
 30144 | Gauntlet | Found a large runed translucent door.
 30145 | Gauntlet | Found a large runed translucent door.
 30146 | Gauntlet | Found a large runed translucent door.
 30146 | Gauntlet | Found a large runed translucent door.
 30146 | Gauntlet | Found a runed translucent door.
 30146 | Gauntlet | Found a runed translucent door.
 30147 | Gauntlet | Found a large runed translucent door.
 30148 | Gauntlet | Found a large runed translucent door.
 30149 | Gauntlet | Found a large runed translucent door.
 30149 | Gauntlet | Found a large runed translucent door.
 30150 | Gauntlet | Found a runed translucent gate.
 30150 | Gauntlet | Found a runed translucent gate.
 30150 | Gauntlet | Found a runed translucent gate.
 30152 | Gauntlet | Found a transporter.
 30162 | Gauntlet | Found a large runed translucent door.
 30163 | Gauntlet | Found a large runed translucent door.
 30164 | Gauntlet | Found a large runed translucent door.
 30168 | Gauntlet | Found a transporter.
 30174 | Gauntlet | Found a transporter.
 30175 | Gauntlet | Found a large runed translucent door.
 30176 | Gauntlet | Found a large runed translucent door.
 30176 | Gauntlet | Found a large runed translucent door.
 30177 | Gauntlet | Found a large runed translucent door.
 30178 | Gauntlet | Found a large runed translucent door.
 30245 | Gauntlet | Found a transporter.
 30251 | Gauntlet | Found a transporter.
 30314 | Gauntlet | Got a transparent crystal amulet
 30324 | Gauntlet | Identified the amulet "Ypodaypt" {Gourm Str+4} (You found
                  | it in a Gauntlet)
 30363 | Gauntlet | Reached skill level 11 in Maces & Flails
 30397 | Gauntlet | Got a fine pewter ring
 30402 | Gauntlet | Learned a level 3 spell: Tukima's Dance
 30405 | Gauntlet | Learned a level 2 spell: Ensorcelled Hibernation
 30559 | D:12     | Found a flagged portal.
 30645 | Bailey   | Entered a bailey
 31037 | Bailey   | Identified the Guide on Transformation and Enhancements
 31149 | D:12     | Identified the ring of the Duchess {Fire MP-9 Str+7 Int+2}
                  | (You found it in a Gauntlet)
 31333 | D:12     | Reached skill level 12 in Maces & Flails
 31333 | D:12     | Reached XP level 16. HP: 101/101 MP: 25/25
 31919 | D:12     | Found a staircase to the Orcish Mines.
 32151 | Orc:1    | Entered Level 1 of the Orcish Mines
 32183 | Orc:1    | Reached XP level 17. HP: 91/106 MP: 26/26
 32693 | Orc:2    | Entered Level 2 of the Orcish Mines
 32774 | Orc:2    | Reached skill level 13 in Maces & Flails
 33325 | Orc:2    | Found a radiant altar of Vehumet.
 33459 | Orc:2    | Found a staircase to the Elven Halls.
 34291 | Orc:1    | Found Abbes's Assorted Antiques.
 34816 | Orc:2    | Found Gempa's General Store.
 34918 | Orc:2    | Found Xemum's Magic Scroll Boutique.
 36262 | Orc:2    | Received a gift from Okawaru
 36400 | Orc:2    | Bought a scroll of identify for 34 gold pieces
 36400 | Orc:2    | Bought a scroll of magic mapping for 59 gold pieces
 36400 | Orc:2    | Bought 3 scrolls of identify for 102 gold pieces
 36400 | Orc:2    | Bought a scroll of enchant armour for 127 gold pieces
 37099 | Orc:2    | Reached skill level 14 in Maces & Flails
 37433 | Orc:2    | Received a gift from Okawaru
 37771 | Orc:2    | Found Saplei's Antique Armour Emporium.
 37771 | Orc:2    | Found a one-way gate leading to the halls of Pandemonium.
 37771 | Orc:2    | Found Qiqul's Book Shoppe.
 38000 | D:13     | Found a shimmering altar of Xom.
 38000 | D:13     | Noticed Elus's ghost (journeyman DrCj)
 38003 | D:13     | Found a runed translucent door.
 38023 | D:13     | Received a gift from Okawaru
 38051 | D:13     | Killed Elus's ghost
 38159 | D:13     | Got a pitted plate armour {god gift}
 39466 | D:13     | Reached skill level 15 in Maces & Flails
 39688 | D:13     | Found a gate to the Vaults.
 40013 | D:14     | Learned a level 2 spell: Blink
 40083 | D:14     | Found Rerpheonui's General Store.
 40210 | D:14     | Found a runed translucent gate.
 40211 | D:14     | Found a runed translucent gate.
 40213 | D:14     | Found a runed translucent gate.
 40878 | D:14     | Noticed Zam Vou's ghost (journeyman TrTm)
 41766 | D:14     | Reached XP level 18. HP: 112/112 MP: 27/27
 41859 | D:14     | Reached skill level 16 in Maces & Flails
 41971 | D:15     | Entered Level 15 of the Dungeon
 42403 | D:14     | Received a gift from Okawaru
 42589 | D:15     | Found a staircase to the Depths.
 43456 | D:15     | Received a gift from Okawaru
 44525 | D:11     | Killed Flugslaktarn's ghost
 44863 | D:7      | Bought an amulet of reflection for 52 gold pieces
 44863 | D:7      | Bought a moonstone ring for 130 gold pieces
 45030 | Orc:1    | Bought a silvery potion for 21 gold pieces
 45082 | Elf:1    | Entered Level 1 of the Elven Halls
 45491 | Snake:1  | Entered Level 1 of the Snake Pit
 46014 | Snake:1  | Found a flickering gateway to a bazaar.
 46034 | Bazaar   | Entered a bazaar
 46179 | Bazaar   | Found Suidghip's Antique Armour Shoppe.
 46179 | Bazaar   | Found Xenk's Book Emporium.
 46200 | Bazaar   | Found Aveckaonk's Antique Weapon Shoppe.
 46200 | Bazaar   | Found Kidedeul's Antique Weapon Emporium.
 46278 | Bazaar   | Bought a glowing helmet for 135 gold pieces
 46306 | Bazaar   | Bought a book of Misfortune for 160 gold pieces
 49792 | Snake:2  | Received a gift from Okawaru
 50252 | Snake:2  | Identified the +0 cloak of a Billion Orbs {rCorr Str+2 SInv
                  | Stlth+} (You found it on level 2 of the Snake Pit)
 50975 | Snake:3  | Received a gift from Okawaru
 51363 | Snake:3  | Noticed Louise
 52230 | Snake:3  | Killed Louise
 52269 | Snake:3  | Reached XP level 19. HP: 61/118 MP: 31/31
 52635 | Snake:3  | Noticed Vashnia
 53915 | Snake:2  | HP: 2/118 [shock serpent/bolt of electricity (27)]
 54913 | Snake:3  | Killed Vashnia
 55241 | Snake:3  | Noticed Nikola
 55651 | Snake:3  | Killed Nikola
 57344 | Elf:1    | Received a gift from Okawaru
 58214 | Shoals:1 | Entered Level 1 of the Shoals
 58232 | Shoals:1 | Received a gift from Okawaru
 58735 | Shoals:1 | Found Guqodaom's Antique Armour Emporium.
 59379 | Shoals:1 | Received a gift from Okawaru
 59591 | Shoals:1 | Noticed Jorgrun
 59607 | Shoals:1 | Slain by Jorgrun

Illustrated notes

Levels and vault maps discovered:
D:1:      dpeg_arrival_orchard, layout_basic
D:2:      layout_basic, chequers_ecumenical_altar_simple, serial_glass,
          glass_columns_c, glass_columns_b, minmay_pentomino_s2
D:3:      layout_basic, amethyst_overflow_temple_binary, uniq_grinder
D:4:      layout_layer_cave, serial_shops, kennysheep_little_box, first_ration,
          kennysheep_generic_room_7, uniq_menkaure, uniq_eustachio
D:5:      minmay_razor_zed, layout_rooms, elyvilon_altar_4,
          nemelex_xobeh_ov_fountains_minmay, uniq_ijyb
D:6:      layout_gridville, grunt_dithmenos_shadows, enter_ossuary_2
D:7:      layout_basic, temple_hall, serial_shops, nicolae_shop_trees,
          shop_statue, the_bakery, minmay_guarded_unrand_finisher
D:8:      layout_basic, uniq_maurice
D:9:      layout_grid_maze
D:10:     layout_rooms, erik_lair_orcish_takeover,
          hangedman_abyss_or_decor_passed, evilmike_butchery
D:11:     layout_roguey, serial_rivers, chequers_serial_rivers_micro_c,
          chequers_serial_rivers_room_b, chequers_serial_rivers_large_b,
          chequers_serial_rivers_small_a, chequers_serial_rivers_micro_e,
          gammafunk_ghost_hive
D:12:     layout_irregular_city, kennysheep_orc_monster_closet_entryway,
          gauntlet_entry_generic, enter_bailey_2, nicolae_two_hexagons
D:13:     layout_roguey, david_vaults_2, ebering_ghost_xom
D:14:     layout_stronghold, infiniplex_staircase_pool_1, serial_shops, shop,
          gammafunk_ghost_icy, amethyst_killhole, skrybe_limestone_x,
          hangedman_decor_growths, minivault_28
D:15:     hangedman_depths_entry_civil_slaughter, layout_gridville
Temple:   hc_temple_tempest_star
Lair:1:   beast_lair_carwin_large_1, layout_chaotic_city,
          grunt_forest_large_clearings
Lair:2:   layout_gridlike, uniq_urug, uniq_erica, uniq_maggie
Lair:3:   layout_regular_city, minmay_shoals_entry_centaurs,
          nicolae_quartered_pool_medium, uniq_gastronok
Lair:4:   layout_small_grid, minmay_snake_entry_guardpost_medium,
          grunt_megastairs_5
Lair:5:   layout_regular_city, dpeg_slime_entry_corner, lemuel_fruit_fields
Lair:6:   minmay_lair_end_frog_pond, layout_layer_cave
Shoals:1: layout_shoals, serial_shops, nicolae_shop_crystal, uniq_jorgrun
Snake:1:  layout_cave_pods, serial_shops, bzr_entry_safe
Snake:2:  layout_onion, grunt_ministairs_14, nicolae_snake_salamander_stairs
Snake:3:  layout_onion, grunt_megastairs_3, uniq_vashnia, uniq_louise,
          uniq_nikola
Orc:1:    layout_caves, serial_shops, shop
Orc:2:    pf_orc_diabolical, layout_caves, basic_altar, mines3_lemuel
Elf:1:    minmay_elf_arrival_summoners, layout_geoelf_diagonals, minivault_28

Skill      XL: |  1  2  3  4  5  6  7  8  9 10 11 12 13 14 15 16 17 18 19 |
---------------+----------------------------------------------------------+-----
Fighting       | 2 3 4 6 9 10 11 12 14 | 14.0
Spellcasting   | 2 4 6 8 |  8.0
Hexes          | 5 6 8 10 12 | 12.0
Crossbows      | 3 6 10 11 | 11.1
Stealth        | 1 4 8 |  8.0
Dodging        | 5 6 9 10 11 12 14 | 14.0
Evocations     | 4 6 8 |  8.0
Invocations    | 6 8 10 12 | 12.0
Maces & Flails | 7 8 12 15 16 | 16.0
Shields        | 4 |  4.0

Action                   |  1- 3 |  4- 6 |  7- 9 | 10-12 | 13-15 | 16-18 | 19-21 || total
-------------------------+-------+-------+-------+-------+-------+-------+-------++-------
Melee: Dagger            |   140 |    89 |   375 |   166 |       |       |       ||   770
       Short sword       |       |    18 |       |       |       |       |       ||    18
       Mace              |       |    13 |       |       |       |       |       ||    13
       Morningstar       |       |       |       |   496 |   444 |       |       ||   940
       Punch             |       |       |       |       |     2 |       |       ||     2
       Eveningstar       |       |       |       |       |    49 |  1066 |   211 ||  1326
       Hand crossbow     |       |       |       |       |     1 |       |       ||     1
 Fire: Hand crossbow     |    29 |    19 |   101 |   295 |   907 |  1047 |   180 ||  2578
       Arbalest          |       |       |       |       |       |       |   132 ||   132
Throw: Boomerang         |       |       |     1 |     2 |     2 |       |     1 ||     6
       Throwing net      |       |       |       |       |       |     1 |       ||     1
 Cast: Corona            |    32 |    10 |     7 |    16 |     1 |     2 |     2 ||    70
       Slow              |       |     2 |    13 |    16 |    10 |    13 |     8 ||    62
       Portal Projectile |       |       |       |     1 |       |     9 |     1 ||    11
       Tukima's Dance    |       |       |       |       |       |    11 |     4 ||    15
       Cause Fear        |       |       |       |       |       |     3 |     2 ||     5
Invok: Heroism           |       |       |       |     6 |    13 |     9 |    10 ||    38
       Finesse           |       |       |       |       |     1 |     2 |     2 ||     5
Evoke: Wand              |       |       |       |     4 |     3 |       |     2 ||     9
       Phantom mirror    |       |       |       |       |       |       |     1 ||     1
  Use: Scroll            |     3 |       |    11 |    12 |     9 |    12 |     3 ||    50
       Potion            |       |       |     1 |     3 |     7 |     4 |     6 ||    21
 Stab: Sleeping          |       |       |     5 |     8 |     6 |     4 |       ||    23
       Distracted        |       |       |     1 |     1 |     1 |     2 |     1 ||     6
       Paralysed         |       |       |       |     3 |       |       |       ||     3
       Invisible         |       |       |       |       |       |     5 |       ||     5
  Eat: Chunk             |    13 |     7 |    15 |    32 |    38 |    62 |    24 ||   191
       Ration            |       |       |       |       |       |     1 |       ||     1
Armor: Leather armour    |    15 |    25 |    47 |    36 |       |    20 |    39 ||   182
       Robe              |     4 |       |       |    39 |       |       |       ||    43
       Quicksilver drago |       |       |       |    54 |   130 |   191 |       ||   375
       Skin              |       |       |       |       |       |    89 |       ||    89
Dodge: Dodged            |   103 |    94 |   431 |   848 |   797 |  1060 |   340 ||  3673
Block: Buckler           |       |       |       |       |   288 |   775 |    83 ||  1146
       Reflection        |       |       |       |       |     6 |    82 |    15 ||   103
       Other             |       |       |       |       |       |       |    30 ||    30

Table legend:
 A = Non-vault XP
 B = Vault XP
 C = Vault XP percentage of total XP
 D = Non-vault monster count
 E = Vault monster count
 F = Vault count percentage of total count
                 A         B        C        D         E       F
            +---------+---------+-------+---------+---------+-------
      Total |  176651 |   97360 |  35.5 |     774 |     319 |  29.2
            +---------+---------+-------+---------+---------+-------
        D:1 |      43 |       0 |   0.0 |      20 |       0 |   0.0
        D:2 |      32 |       4 |  11.1 |      16 |       2 |  11.1
        D:3 |     261 |     267 |  50.6 |      23 |       1 |   4.2
        D:4 |     324 |     375 |  53.6 |      11 |       2 |  15.4
        D:5 |     399 |     264 |  39.8 |      22 |      13 |  37.1
        D:6 |     622 |     136 |  17.9 |      19 |       1 |   5.0
        D:7 |     762 |    1048 |  57.9 |      19 |       5 |  20.8
        D:8 |     982 |     784 |  44.4 |      24 |       4 |  14.3
        D:9 |    2432 |     245 |   9.2 |      34 |       3 |   8.1
       D:10 |    3953 |       3 |   0.1 |      28 |       1 |   3.4
       D:11 |    4822 |    2371 |  33.0 |      47 |      11 |  19.0
       D:12 |    3924 |    1652 |  29.6 |      15 |      20 |  57.1
       D:13 |    9520 |    4137 |  30.3 |      50 |       5 |   9.1
       D:14 |   14113 |    8269 |  36.9 |      34 |      12 |  26.1
       D:15 |   11002 |    4243 |  27.8 |      31 |       6 |  16.2
     Lair:1 |    2433 |    4446 |  64.6 |      13 |      27 |  67.5
     Lair:2 |   10685 |    2146 |  16.7 |      28 |       3 |   9.7
     Lair:3 |    9436 |    2543 |  21.2 |      34 |       4 |  10.5
     Lair:4 |    9556 |    2337 |  19.7 |      34 |       8 |  19.0
     Lair:5 |   14198 |     250 |   1.7 |      31 |       1 |   3.1
     Lair:6 |   10185 |   12448 |  55.0 |      39 |      47 |  54.7
   Shoals:1 |   12208 |       0 |   0.0 |      25 |       0 |   0.0
    Snake:1 |   12350 |       0 |   0.0 |      25 |       0 |   0.0
    Snake:2 |   12131 |    1435 |  10.6 |      23 |       3 |  11.5
    Snake:3 |   20858 |   16164 |  43.7 |      40 |      11 |  21.6
      Orc:1 |    3483 |    3329 |  48.9 |      54 |      17 |  23.9
      Orc:2 |    4028 |   14865 |  78.7 |      32 |      52 |  61.9
      Elf:1 |    1909 |    8459 |  81.6 |       3 |      15 |  83.3
    Ossuary |       0 |     172 | 100.0 |       0 |      12 | 100.0
     Bailey |       0 |    2289 | 100.0 |       0 |      26 | 100.0
   Gauntlet |       0 |    2679 | 100.0 |       0 |       7 | 100.0
            +---------+---------+-------+---------+---------+-------
